 Dungeon Crawl Stone Soup version 0.28-a0-1184-g53156a8862 (webtiles) character file.

Game seed: 272624572758266594

480 fragbeetle the Ruffian (level 6, -1/47 HPs)
             Began as a Draconian Transmuter on Dec 18, 2021.
             Splashed by a jelly's acid (3 damage)
             ... on level 5 of the Dungeon.
             The game lasted 00:10:05 (4069 turns).

fragbeetle the Ruffian (Draconian Transmuter)       Turns: 4069, Time: 00:10:06

Health: -1/47      AC: -14   Str: 15    XL:     6   Next: 86%
Magic:  9/9        EV: 13    Int: 13    God:
Gold:   162        SH:  0    Dex: 11    Spells: 1/9 levels left

rFire   . . .      SeeInvis .     - Unarmed
rCold   . . .      Faith    .   (no shield)
rNeg    . . .      Spirit   .   (armour unavailable)
rPois   .          Reflect  .   (helmet currently unavailable)
rElec   .          Harm     .   (no cloak)
rCorr   .          Rampage  .   (no gloves)
Will    .....                   (boots currently unavailable)
Stlth   +.........              n - amulet of magic regeneration
HPRegen 0.15/turn               (no ring)
MPRegen 0.51/turn               (no ring)

@: appendages, corroded
A: horns 2, talons 2, AC +6, unfitting armour, cold-blooded
a: End Transformation


You were on level 5 of the Dungeon.
You had temporarily grown beastly horns and talons.
You visited 1 branch of the dungeon, and saw 5 of its levels.

You collected 162 gold pieces.

Inventory:

Hand Weapons
 m - a +0 arbalest
Missiles
 e - 113 stones
 p - 5 javelins
 v - 5 atropa-tipped darts
Jewellery
 n - an amulet of magic regeneration (around neck)
 r - a ring of willpower
Wands
 c - a wand of flame (13)
Scrolls
 b - a scroll of noise {unknown}
 d - 2 scrolls of blinking {unknown}
 f - a scroll of holy word {unknown}
 g - a scroll of enchant weapon {unknown}
 i - 2 scrolls of teleportation {unknown}
 j - 2 scrolls of identify {unknown}
 l - 3 scrolls of magic mapping {unknown}
Potions
 a - a potion of lignification
 h - a potion of cancellation {unknown}
 k - a potion of haste {unknown}
 o - 3 potions of curing {unknown}
 q - 3 potions of attraction {unknown}
 s - 2 potions of might {unknown}
 t - a potion of mutation {unknown}
 u - a potion of heal wounds


   Skills:
 - Level 1.1 Fighting
 + Level 3.7 Dodging
 + Level 4.6 Unarmed Combat
 - Level 2.0 Spellcasting
 + Level 4.1 Transmutations
 + Level 1.2 Ice Magic
 + Level 2.7 Poison Magic


You had one spell level left.
You knew the following spells:

 Your Spells              Type           Power      Damage    Failure   Level
a - Beastly Appendage     Tmut           22%        N/A       4%          1
b - Spider Form           Tmut/Pois      10%        N/A       19%         3
c - Ice Form              Ice/Tmut       8%         N/A       65%         4

Your spell library contained the following spells:

 Spells                   Type           Power      Damage    Failure   Level
 Wereblood                Tmut           11%        N/A       7%          2
 Stone Arrow              Conj/Erth      2%         3d7       58%         3
 Lehudib's Crystal Spear  Conj/Erth      0%         10d2      100%        8
 Animate Armour           Summ/Erth      Unusable   N/A       N/A         4

Dungeon Overview and Level Annotations

Branches:
Dungeon (5/15)
 Temple: D:4-7

Altars:
Cheibriados
Fedhas


Innate Abilities, Weirdness & Mutations

You have temporarily grown beastly horns and talons.
Your plain brown scales are hard. (AC +6)
You cannot fit into any form of body armour.
You are cold-blooded and may be slowed by cold attacks.


Message History

You feel sick.
You feel sick.
You feel sick.
You are no longer poisoned.
There is a stone staircase leading down here.
You climb downwards.
There is a stone staircase leading up here.
A jelly comes into view.
You grow a pair of large bovine horns.
Your feet morph into talons.
You punch the jelly! The acid corrodes you!
Your hands burn!
You claw the jelly, but do no damage.
The jelly is heavily wounded.
The jelly completely misses you.
You hit the jelly. The acid corrodes you!
Your hands burn!
Your kick misses the jelly.
The jelly is severely wounded.
The jelly closely misses you.
You hit the jelly but do no damage.
Your hands burn!
The jelly is severely wounded.
The jelly hits you. The acid corrodes you!
You are splashed with acid!
You hit the jelly.
Your hands burn!
You tail-slap the jelly, but do no damage.
The jelly is almost dead.
The jelly hits you.
You are splashed with acid!
* * * LOW HITPOINT WARNING * * *
You hit the jelly but do no damage. The acid corrodes you!
Your hands burn!
* * * LOW HITPOINT WARNING * * *
The jelly is almost dead.
The jelly misses you.
You barely miss the jelly.
You headbutt the jelly, but do no damage.
You tail-slap the jelly, but do no damage.
The jelly is almost dead.
You hit the jelly but do no damage. The acid corrodes you!
Your hands burn!
* * * LOW HITPOINT WARNING * * *
You claw the jelly, but do no damage.
The jelly is almost dead.
The jelly misses you.
You hit the jelly but do no damage. The acid corrodes you!
Your hands burn!
You die...

.....#.. .
....#.##..
#...#... .
##.###...#.####..
...........#....
#.<........
#.....#.##
#.....# #....@#
#....J# ........#
###.#...#
.......#
###.#.#.. #.#.###
# #.


You could see a jelly.

Vanquished Creatures
  The ghost of sirJeffrey23 the Firebug, an amateur HOFE of Qazlal (D:3)
  A scorpion (D:4)
  A howler monkey (D:4)
  A hound (D:4)
  Jessica (D:3)
  An iguana (D:4)
  Natasha (thrice) (D:2)
  5 adders (D:2)
  2 ufetubi (D:4)
  3 worms
  2 orcs
  7 ball pythons
  10 endoplasms
  3 giant cockroaches
  5 goblins
  9 hobgoblins
  3 jackals (D:4)
  3 quokkas
  8 bats
  3 frilled lizards
  5 kobolds
  A quokka skeleton (D:4)
  8 rats
86 creatures vanquished.

Vanquished Creatures (others)
  A plant (D:2)
1 creature vanquished.

Grand Total: 87 creatures vanquished

Notes
Turn   | Place    | Note
-------+----------+-------------------------------------------
     0 | D:1      | fragbeetle the Draconian Transmuter began the quest for the
                  | Orb.
     0 | D:1      | Reached XP level 1. HP: 16/16 MP: 3/3
   245 | D:1      | Reached XP level 2. HP: 18/23 MP: 3/5
  1067 | D:2      | Reached XP level 3. HP: 19/28 MP: 6/6
  1198 | D:2      | Learned a level 3 spell: Spider Form
  1606 | D:2      | Found a faded altar of an unknown god.
  1626 | D:2      | Noticed Natasha
  1633 | D:2      | Killed Natasha
  1634 | D:2      | Reached XP level 4. HP: 34/35 MP: 5/7
  1867 | D:2      | Reached skill level 1 in Poison Magic
  2032 | D:2      | Found a blossoming altar of Fedhas.
  2151 | D:2      | Noticed Natasha
  2158 | D:2      | Killed Natasha
  2329 | D:2      | Noticed Natasha
  2334 | D:2      | Killed Natasha
  2335 | D:2      | Reached XP level 5. HP: 40/40 MP: 6/8
  2489 | D:3      | Found a runed translucent door.
  2489 | D:3      | Noticed sirJeffrey23's ghost (amateur HOFE)
  2503 | D:3      | Killed sirJeffrey23's ghost
  3000 | D:3      | Reached XP level 6. HP: 47/47 MP: 7/9
  3044 | D:3      | Noticed Jessica
  3052 | D:3      | Killed Jessica
  3203 | D:4      | Learned a level 4 spell: Ice Form
  3573 | D:4      | Reached skill level 1 in Ice Magic
  3775 | D:4      | Found a snail-covered altar of Cheibriados.
  4029 | D:5      | Entered Level 5 of the Dungeon
  4068 | D:5      | HP: 2/47 [acid (5)]
  4069 | D:5      | Splashed by a jelly's acid

Illustrated notes

Levels and vault maps discovered:
D:1:      minmay_arrival_split_and_join, layout_basic
D:2:      layout_basic, basic_altar, shapermc_ecumenical_altar_acropolis,
          uniq_natasha
D:3:      layout_rooms, gammafunk_ghost_grave, minmay_starry_boxes, uniq_jessica
D:4:      layout_rooms, mainiacjoe_overflow_cross_hatched, minmay_box_of_dots
D:5:      layout_basic, uniq_ijyb

Skill      XL: |  1  2  3  4  5  6 |
---------------+-------------------+-----
Dodging        | 2 3 |  3.7
Transmutations | 3 4 |  4.1
Poison Magic   | 1 2 |  2.7
Unarmed Combat | 4 |  4.6
Ice Magic      | 1 |  1.2
Fighting       | |  1.1
Spellcasting   | |  2.0

Action                   |  1- 3 |  4- 6 || total
-------------------------+-------+-------++-------
Melee: Unarmed           |   111 |   163 ||   274
       Kick              |    11 |    29 ||    40
       Tailslap          |     6 |    19 ||    25
       Headbutt          |    10 |    26 ||    36
       Punch             |     1 |     2 ||     3
 Cast: Beastly Appendage |    29 |    36 ||    65
       Spider Form       |       |     2 ||     2
Evoke: Wand              |       |     2 ||     2
  Use: Potion            |       |     2 ||     2
 Stab: Sleeping          |       |     1 ||     1
Armor: Skin              |    34 |    38 ||    72
Dodge: Dodged            |    80 |   102 ||   182

Table legend: (Time is in decaauts)
 A = Elapsed time spent in this place.
 B = Non-inter-level travel time spent in this place.
 C = Inter-level travel time spent in this place.
 D = Time resting spent in this place.
 E = Time spent auto-exploring this place.
 F = Levels seen in this place.
 G = Mean time per level.
                   A        B        C        D        E       F      G
               +--------+--------+--------+--------+--------+-----+--------+
         Total |   4056 |   3946 |    110 |    365 |   2606 |   5 |  811.2 |
       Dungeon |   4056 |   3946 |    110 |    365 |   2606 |   5 |  811.2 |
               +--------+--------+--------+--------+--------+-----+--------+

Top non-repeatable levels by time:
     D:2: 1301 daAuts
     D:1: 1043 daAuts
     D:4: 871 daAuts
     D:3: 825 daAuts
     D:5: 13 daAuts
